Maple Leafs vs Senateurs
Created - February 6, 2018 at 19:06
Goals
|
Maple Leafs |
1 |
1 |
0 |
2 |
Senateurs |
2 |
1 |
0 |
3 |
|
Shots
|
Maple Leafs |
8 |
12 |
8 |
28 |
Senateurs |
10 |
12 |
8 |
30 |
|
1st period
1. Senateurs , Evgeni Malkin 30 (Thomas Vanek 29, B.J. Crombeen 15) at 12:40
2. Maple Leafs , Eric Nystrom 12 (Zac Dalpe 10, Braydon Coburn 17) at 14:12
3. Senateurs , Evgeni Malkin 31 (Thomas Vanek 30, B.J. Crombeen 16) at 16:45
Penalties :
Blake Comeau (Tor) for Cross-checking (Minor) at 5:05, Fabian Brunnstrom (Tor) for Interference (Minor) at 8:22
2nd period
4. Senateurs , Cody Hodgson 14 (Brenden Morrow 26, Johan Franzen 18) at 1:50 (PP)
5. Maple Leafs , Ben Smith 2 (Gilbert Brule 16, Ryan Parent 5) at 7:52
Penalties :
Jordan Staal (Tor) for Hooking (Minor) at 0:54, Evgeni Malkin (Ott) for Hooking (Minor) at 16:46
3rd period
No Goal
Penalties :
Thomas Vanek (Ott) for Tripping (Minor) at 0:22, Eric Nystrom (Tor) for Slashing (Minor) at 5:28, Milan Hejduk (Ott) for Holding (Minor) at 17:11
Goalie Stats
Alex Stalock (Tor), 27 saves from 30 shots - (0.900), L, 2-1-0, 60:00 minutes
Jeff Deslauriers (Ott), 26 saves from 28 shots - (0.929), W, 8-7-0, 60:00 minutes
Players Stats for Maple Leafs
Player Name G A P +/- PIM S H SB GA TA FO MP PP MP PK MP
------------------------------------------------------------------------------------
Alex Killorn 0 0 0 0 0 3 1 0 0 0 0/0 12:44 0:00 0:00
Artemi Panarin 0 0 0 0 0 4 1 1 0 0 1/2 18:53 3:07 0:51
Ben Smith 1 0 1 0 0 2 1 0 0 0 0/1 13:02 0:14 0:00
Blake Comeau 0 0 0 -1 2 0 0 0 0 0 0/0 9:34 0:08 0:00
Braydon Coburn 0 1 1 0 0 1 2 2 1 2 0/0 22:25 2:37 3:56
Claude Giroux 0 0 0 0 0 4 3 0 1 0 2/3 22:11 3:08 3:56
Colby Armstrong 0 0 0 1 0 4 0 0 0 0 0/0 12:29 2:41 0:00
Eric Nystrom 1 0 1 1 2 2 1 0 0 0 1/2 11:44 0:03 1:18
Evgeny Grachev 0 0 0 -1 0 0 1 1 0 0 1/1 8:40 0:00 0:00
Fabian Brunnstrom 0 0 0 -1 2 4 5 0 0 0 0/2 13:34 2:36 1:52
Gilbert Brule 0 1 1 0 0 0 2 0 2 0 3/10 18:09 2:41 2:45
John Klingberg 0 0 0 0 0 1 1 3 1 0 0/0 21:56 3:20 0:00
Jordan Staal 0 0 0 0 2 0 2 0 0 0 14/27 21:34 3:13 3:04
Marc-Édouard Vlasic 0 0 0 0 0 1 1 0 0 2 0/0 19:34 2:37 0:00
Ryan Parent 0 1 1 0 0 0 0 0 0 1 0/0 15:59 0:00 2:57
Taylor Chorney 0 0 0 0 0 0 1 1 0 1 0/0 16:49 0:00 3:56
Tobias Enstrom 0 0 0 0 0 1 3 2 1 1 0/0 23:17 3:20 2:57
Zac Dalpe 0 1 1 1 0 1 0 0 1 0 3/9 10:29 0:00 0:00
Players Stats for Senateurs
Player Name G A P +/- PIM S H SB GA TA FO MP PP MP PK MP
------------------------------------------------------------------------------------
B.J. Crombeen 0 2 2 2 0 1 4 2 1 0 1/1 20:21 3:39 0:34
Brandon Dubinsky 0 0 0 -1 0 1 0 0 0 0 1/3 9:00 0:00 2:19
Brenden Morrow 0 1 1 -1 0 2 0 2 1 0 1/1 19:51 3:04 2:14
Brooks Orpik 0 0 0 -1 0 1 0 1 0 1 0/0 13:40 0:00 0:00
Carlo Colaiacovo 0 0 0 0 0 0 0 1 0 0 0/0 19:32 2:53 2:07
Cody Franson 0 0 0 0 0 1 1 1 0 4 0/0 19:32 2:53 2:07
Cody Hodgson 1 0 1 -1 0 4 1 0 0 0 9/13 17:44 3:04 0:07
Dan Hamhuis 0 0 0 1 0 1 0 0 0 0 0/0 26:48 4:00 3:50
David Krejci 0 0 0 0 0 3 0 1 1 0 3/5 10:57 0:00 1:15
Evgeni Malkin 2 0 2 2 2 3 2 1 1 0 15/32 21:21 3:39 2:17
Johan Franzen 0 1 1 -1 0 2 2 0 1 1 1/1 17:37 3:04 0:00
Kurtis Foster 0 0 0 1 0 3 1 0 1 1 0/0 26:48 4:00 3:50
Milan Hejduk 0 0 0 0 2 3 1 0 0 0 0/0 9:35 0:00 0:00
Pascal Dupuis 0 0 0 -1 0 0 0 0 0 0 0/0 6:37 0:00 0:00
Ramzi Abid 0 0 0 -1 0 1 1 0 0 0 1/1 8:52 0:10 1:04
Sergei Kostitsyn 0 0 0 0 0 3 0 0 0 0 0/0 10:32 0:10 0:00
Thomas Vanek 0 2 2 2 2 1 2 0 1 0 0/0 21:33 3:49 2:04
Vladimir Mihalik 0 0 0 -1 0 0 2 0 0 0 0/0 13:40 0:00 0:00
3 Stars
1 - Evgeni Malkin (Ott)
2 - B.J. Crombeen (Ott)
3 - Thomas Vanek (Ott)
Power Play
Maple Leafs - 0 on 3 Attempt(s) - 0.00%
Senateurs - 1 on 4 Attempt(s) - 25.00%
Penalty Kill
Maple Leafs - 3 on 4 Attempt(s) - 75.00%
- Score 0 goal in Penalty Kill
Senateurs - 3 on 3 Attempt(s) - 100.00%
- Score 0 goal in Penalty Kill
Team Stat
Maple Leafs - Hits : 25 - Faceoff Wins : 25 - Blocked Shots : 10 - Penalty Minutes : 8
Senateurs - Hits : 17 - Faceoff Wins : 32 - Blocked Shots : 9 - Penalty Minutes : 6
Official
Referees : L'Ecuyer Frederick and Hasenfratz Mike
Linesman : Thor Nelson and Steve Miller
Game Notes
No Game Note
Finance
Level 1 -- Attendance: 5962 (99.37%) -- Ticket Income $494,846
Level 2 -- Attendance: 5000 (100.00%) -- Ticket Income $265,000
Level 3 -- Attendance: 1844 (92.20%) -- Ticket Income $60,852
Level 4 -- Attendance: 3925 (98.13%) -- Ticket Income $90,275
Luxury Box -- Attendance: 1000 (100.00%) -- Ticket Income $155,000
Game was played at the Place Banque Scotia.
Total Attendance: 17731 (98.51%)
Total Ticket Income: $1,065,973
Other Income: $159,896
Total Income: $1,225,869
Maple Leafs
5 vs 5 Forward
Center Left Wing Right Wing Time % Phy DF OF
1 Jordan Staal Artemi Panarin Claude Giroux 40 0 1 4
2 Gilbert Brule Alex Killorn Ben Smith 30 1 2 2
3 Zac Dalpe Eric Nystrom Colby Armstrong 20 1 2 2
4 Evgeny Grachev Fabian Brunnstrom Blake Comeau 10 1 2 2
5 vs 5 Defense
Defense Defense Time % Phy DF OF
1 John Klingberg Marc-Édouard Vlasic 40 0 1 4
2 Braydon Coburn Tobias Enstrom 30 0 2 2
3 Taylor Chorney Ryan Parent 20 1 2 2
4 Braydon Coburn Tobias Enstrom 10 1 2 2
PowerPlay Forward
Center Left Wing Right Wing Time % Phy DF OF
1 Jordan Staal Artemi Panarin Claude Giroux 60 1 2 2
2 Gilbert Brule Fabian Brunnstrom Colby Armstrong 40 1 2 2
PowerPlay Defense
Defense Defense Time % Phy DF OF
1 John Klingberg Tobias Enstrom 60 1 2 2
2 Marc-Édouard Vlasic Braydon Coburn 40 1 2 2
Penalty Kill 4 Players Forward
Center Wing Time % Phy DF OF
1 Jordan Staal Claude Giroux 60 1 2 2
2 Gilbert Brule Eric Nystrom 40 1 2 2
Penalty Kill 4 Players Defense
Defense Defense Time % Phy DF OF
1 Braydon Coburn Taylor Chorney 60 1 2 2
2 Tobias Enstrom Ryan Parent 40 1 2 2
Penalty Kill - 3 Players Forward
Forward Time % Phy DF OF
1 Jordan Staal 60 1 2 2
2 Gilbert Brule 40 1 2 2
Penalty Kill - 3 Players Defense
Defense Defense Time % Phy DF OF
1 Braydon Coburn Taylor Chorney 60 1 2 2
2 Tobias Enstrom Ryan Parent 40 1 2 2
4 vs 4 Forward
Center Wing Time % Phy DF OF
1 Jordan Staal Claude Giroux 60 1 2 2
2 Gilbert Brule Colby Armstrong 40 1 2 2
4 vs 4 Defense
Defense Defense Time % Phy DF OF
1 Braydon Coburn Tobias Enstrom 60 1 2 2
2 John Klingberg Marc-Édouard Vlasic 40 1 2 2
Last Minutes Offensive
Center Left Wing Right Wing Defense Defense
Jordan Staal Artemi Panarin Claude Giroux John Klingberg Tobias Enstrom
Last Minutes Defensive
Center Left Wing Right Wing Defense Defense
Jordan Staal Eric Nystrom Claude Giroux Ryan Parent Braydon Coburn
Goaltenders
Starting : Alex Stalock
Backup : Marc-André Fleury
Extra Forwards
Normal : Artemi Panarin, Colby Armstrong, Jordan Staal - PP : Ben Smith, Colby Armstrong - PK : Fabian Brunnstrom
Extra Defensemen
Normal : Tobias Enstrom, Ryan Parent, Braydon Coburn - PP : Marc-Édouard Vlasic - PK : Taylor Chorney, Ryan Parent
Penalty Shots
Claude Giroux, Artemi Panarin, Fabian Brunnstrom, Colby Armstrong, Jordan Staal
Scratches
None
Senateurs
5 vs 5 Forward
Center Left Wing Right Wing Time % Phy DF OF
1 Evgeni Malkin Thomas Vanek B.J. Crombeen 40 1 2 2
2 Cody Hodgson Brenden Morrow Johan Franzen 30 1 2 2
3 David Krejci Sergei Kostitsyn Milan Hejduk 20 1 2 2
4 Brandon Dubinsky Ramzi Abid Pascal Dupuis 10 1 2 2
5 vs 5 Defense
Defense Defense Time % Phy DF OF
1 Dan Hamhuis Kurtis Foster 40 1 2 2
2 Cody Franson Carlo Colaiacovo 30 1 2 2
3 Brooks Orpik Vladimir Mihalik 20 1 2 2
4 Dan Hamhuis Kurtis Foster 10 1 2 2
PowerPlay Forward
Center Left Wing Right Wing Time % Phy DF OF
1 Evgeni Malkin Thomas Vanek B.J. Crombeen 60 1 2 2
2 Cody Hodgson Brenden Morrow Johan Franzen 40 1 2 2
PowerPlay Defense
Defense Defense Time % Phy DF OF
1 Dan Hamhuis Kurtis Foster 60 1 2 2
2 Cody Franson Carlo Colaiacovo 40 1 2 2
Penalty Kill 4 Players Forward
Center Wing Time % Phy DF OF
1 Evgeni Malkin Thomas Vanek 60 1 2 2
2 Brenden Morrow B.J. Crombeen 40 1 2 2
Penalty Kill 4 Players Defense
Defense Defense Time % Phy DF OF
1 Dan Hamhuis Kurtis Foster 60 1 2 2
2 Cody Franson Carlo Colaiacovo 40 1 2 2
Penalty Kill - 3 Players Forward
Forward Time % Phy DF OF
1 Evgeni Malkin 60 1 2 2
2 Thomas Vanek 40 1 2 2
Penalty Kill - 3 Players Defense
Defense Defense Time % Phy DF OF
1 Dan Hamhuis Kurtis Foster 60 1 2 2
2 Cody Franson Carlo Colaiacovo 40 1 2 2
4 vs 4 Forward
Center Wing Time % Phy DF OF
1 Evgeni Malkin Thomas Vanek 60 1 2 2
2 Brenden Morrow B.J. Crombeen 40 1 2 2
4 vs 4 Defense
Defense Defense Time % Phy DF OF
1 Dan Hamhuis Kurtis Foster 60 1 2 2
2 Cody Franson Carlo Colaiacovo 40 1 2 2
Last Minutes Offensive
Center Left Wing Right Wing Defense Defense
Evgeni Malkin Thomas Vanek B.J. Crombeen Dan Hamhuis Kurtis Foster
Last Minutes Defensive
Center Left Wing Right Wing Defense Defense
Evgeni Malkin Thomas Vanek B.J. Crombeen Dan Hamhuis Kurtis Foster
Goaltenders
Starting : Jeff Deslauriers
Backup : Ondrej Pavelec
Extra Forwards
Normal : Ramzi Abid, Sergei Kostitsyn, Brandon Dubinsky - PP : Ramzi Abid, Sergei Kostitsyn - PK : Brandon Dubinsky
Extra Defensemen
Normal : Brooks Orpik, Vladimir Mihalik, Cody Franson - PP : Brooks Orpik - PK : Vladimir Mihalik, Cody Franson
Penalty Shots
Evgeni Malkin, Thomas Vanek, Brenden Morrow, B.J. Crombeen, Johan Franzen
Scratches
Dan Girardi (Healthy), Ryan Malone (Healthy), Arturs Kulda (Healthy)
% Time on Ice - Maple Leafs
Lines # - Real PCT - Wanted PCT - Time Play
Normal Forward
1 - 31% - 40% - 14:24
2 - 28% - 30% - 13:02
3 - 22% - 20% - 10:17
4 - 19% - 10% - 8:40
Normal Defense
1 - 40% - 40% - 18:39
2 - 30% - 30% - 13:51
3 - 25% - 20% - 11:46
4 - 5% - 10% - 2:07
PP Forward
1 - 55% - 60% - 3:16
2 - 45% - 40% - 2:41
PP Defense
1 - 56% - 60% - 3:20
2 - 44% - 40% - 2:37
PK Forward
1 - 71% - 60% - 4:53
2 - 29% - 40% - 2:00
PK Defense
1 - 57% - 60% - 3:56
2 - 43% - 40% - 2:57
PK3 Forward
1 - 0% - 60%
2 - 0% - 40%
PK3 Defense
1 - 0% - 60%
2 - 0% - 40%
44 Forward
1 - 0% - 60%
2 - 0% - 40%
44 Defense
1 - 0% - 60%
2 - 0% - 40%
Last Minute Offensive - 0:47
Last Minute Defensive - 0:00
Total
Forward - 60:00
Defense - 60:00
|
% Time on Ice - Senateurs
Lines # - Real PCT - Wanted PCT - Time Play
Normal Forward
1 - 34% - 40% - 15:41
2 - 31% - 30% - 14:33
3 - 21% - 20% - 9:33
4 - 14% - 10% - 6:37
Normal Defense
1 - 36% - 40% - 16:54
2 - 31% - 30% - 14:32
3 - 29% - 20% - 13:40
4 - 3% - 10% - 1:18
PP Forward
1 - 55% - 60% - 3:49
2 - 45% - 40% - 3:04
PP Defense
1 - 58% - 60% - 4:00
2 - 42% - 40% - 2:53
PK Forward
1 - 90% - 60% - 5:23
2 - 10% - 40% - 0:34
PK Defense
1 - 64% - 60% - 3:50
2 - 36% - 40% - 2:07
PK3 Forward
1 - 0% - 60%
2 - 0% - 40%
PK3 Defense
1 - 0% - 60%
2 - 0% - 40%
44 Forward
1 - 0% - 60%
2 - 0% - 40%
44 Defense
1 - 0% - 60%
2 - 0% - 40%
Last Minute Offensive - 0:00
Last Minute Defensive - 0:46
Total
Forward - 60:00
Defense - 60:00
|
Play by Play
1st period
0:01 of 1st period - Evgeni Malkin wins face-off versus Jordan Staal in neutral zone.
0:16 of 1st period - Thomas Vanek is hit by Claude Giroux.
0:28 of 1st period - Wrist shot by Johan Franzen.
0:28 of 1st period - Shot Blocked by John Klingberg.
0:30 of 1st period - Slapshot by Carlo Colaiacovo.
0:30 of 1st period - Shot Blocked by John Klingberg.
0:32 of 1st period - Wrist shot by Brenden Morrow.
0:32 of 1st period - Stopped by Alex Stalock without a rebound.
0:33 of 1st period - David Krejci wins face-off versus Zac Dalpe in Maple Leafs zone.
0:59 of 1st period - Carlo Colaiacovo is hit by Fabian Brunnstrom.
2:01 of 1st period - Kurtis Foster is hit by Taylor Chorney and loses puck.
2:08 of 1st period - Wrist shot by Colby Armstrong.
2:08 of 1st period - Stopped by Jeff Deslauriers without a rebound.
2:09 of 1st period - Evgeni Malkin wins face-off versus Gilbert Brule in Senateurs zone.
2:18 of 1st period - Alex Killorn is hit by B.J. Crombeen and loses puck.
3:23 of 1st period - Snap shot by Evgeni Malkin.
3:23 of 1st period - Shot Blocked by Braydon Coburn.
3:33 of 1st period - Wrist shot by Evgeni Malkin.
3:33 of 1st period - Stopped by Alex Stalock without a rebound.
3:34 of 1st period - Artemi Panarin wins face-off versus Cody Hodgson in Maple Leafs zone.
3:38 of 1st period - Off-side.
3:39 of 1st period - Cody Hodgson wins face-off versus Claude Giroux in neutral zone.
3:52 of 1st period - Snap shot by Jordan Staal.
3:52 of 1st period - Shot Misses the Net.
5:00 of 1st period - Wrist shot by Milan Hejduk.
5:00 of 1st period - Stopped by Alex Stalock with a rebound.
5:05 of 1st period - Minor Penalty to Blake Comeau for Cross-checking.
5:06 of 1st period - Jordan Staal wins face-off versus Evgeni Malkin in Maple Leafs zone.
5:10 of 1st period - Snap shot by Jordan Staal.
5:10 of 1st period - Shot Blocked by B.J. Crombeen.
7:05 of 1st period - Penalty to Blake Comeau is over, Blake Comeau is back on ice.
7:53 of 1st period - Evgeni Malkin is hit by Jordan Staal and loses puck.
8:22 of 1st period - Minor Penalty to Fabian Brunnstrom for Interference.
8:23 of 1st period - Jordan Staal wins face-off versus Evgeni Malkin in Maple Leafs zone.
8:23 of 1st period - Jordan Staal is hit by Evgeni Malkin.
9:28 of 1st period - B.J. Crombeen is hit by Eric Nystrom.
10:22 of 1st period - Penalty to Fabian Brunnstrom is over, Fabian Brunnstrom is back on ice.
10:37 of 1st period - Snap shot by David Krejci.
10:37 of 1st period - Stopped by Alex Stalock without a rebound.
10:38 of 1st period - Ramzi Abid wins face-off versus Zac Dalpe in Maple Leafs zone.
10:41 of 1st period - Slapshot by Ramzi Abid.
10:41 of 1st period - Stopped by Alex Stalock with a rebound.
11:03 of 1st period - Gilbert Brule is hit by Vladimir Mihalik and loses puck.
11:12 of 1st period - Snap shot by Sergei Kostitsyn.
11:12 of 1st period - Stopped by Alex Stalock with a rebound.
11:14 of 1st period - Wrist shot by David Krejci.
11:14 of 1st period - Stopped by Alex Stalock with a rebound.
11:24 of 1st period - Evgeni Malkin is hit by Fabian Brunnstrom and loses puck.
12:00 of 1st period - Snap shot by Jordan Staal.
12:00 of 1st period - Shot Blocked by Cody Franson.
12:02 of 1st period - Wrist shot by Jordan Staal.
12:02 of 1st period - Shot Misses the Net.
12:04 of 1st period - Wrist shot by Claude Giroux.
12:04 of 1st period - Stopped by Jeff Deslauriers with a rebound.
12:18 of 1st period - Wrist shot by Fabian Brunnstrom.
12:18 of 1st period - Stopped by Jeff Deslauriers with a rebound.
12:20 of 1st period - Snap shot by Taylor Chorney.
12:20 of 1st period - Deflect By Fabian Brunnstrom.
12:20 of 1st period - Shot Blocked by Evgeni Malkin.
12:20 of 1st period - Puck is out of play.
12:21 of 1st period - Evgeny Grachev wins face-off versus Evgeni Malkin in Senateurs zone.
12:40 of 1st period - Wrist shot by Evgeni Malkin.
12:40 of 1st period - Goal by Evgeni Malkin - Maple Leafs : 0 - Senateurs : 1.
12:41 of 1st period - Jordan Staal wins face-off versus Evgeni Malkin in neutral zone.
13:08 of 1st period - Gilbert Brule is hit by Cody Hodgson.
13:34 of 1st period - Dan Hamhuis is hit by Tobias Enstrom.
13:51 of 1st period - Claude Giroux is hit by Thomas Vanek and loses puck.
14:12 of 1st period - Wrist shot by Eric Nystrom.
14:12 of 1st period - Goal by Eric Nystrom - Maple Leafs : 1 - Senateurs : 1.
14:13 of 1st period - Evgeni Malkin wins face-off versus Jordan Staal in neutral zone.
14:38 of 1st period - Johan Franzen is hit by Marc-Édouard Vlasic.
16:09 of 1st period - Slapshot by Evgeny Grachev.
16:09 of 1st period - Shot Blocked by Brooks Orpik.
16:29 of 1st period - Snap shot by Artemi Panarin.
16:29 of 1st period - Shot Misses the Net.
16:31 of 1st period - Slapshot by Artemi Panarin.
16:31 of 1st period - Shot Misses the Net.
16:33 of 1st period - Wrist shot by Jordan Staal.
16:33 of 1st period - Shot Blocked by David Krejci.
16:35 of 1st period - Wrist shot by Claude Giroux.
16:35 of 1st period - Stopped by Jeff Deslauriers without a rebound.
16:36 of 1st period - B.J. Crombeen wins face-off versus Gilbert Brule in Senateurs zone.
16:45 of 1st period - Snap shot by Evgeni Malkin.
16:45 of 1st period - Goal by Evgeni Malkin - Maple Leafs : 1 - Senateurs : 2.
16:46 of 1st period - Evgeni Malkin wins face-off versus Jordan Staal in neutral zone.
16:51 of 1st period - Wrist shot by Jordan Staal.
16:51 of 1st period - Shot Blocked by B.J. Crombeen.
16:53 of 1st period - Slapshot by Braydon Coburn.
16:53 of 1st period - Shot Misses the Net.
16:55 of 1st period - Wrist shot by Jordan Staal.
16:55 of 1st period - Deflect By Claude Giroux.
16:55 of 1st period - Deflect By Thomas Vanek.
16:55 of 1st period - Stopped by Jeff Deslauriers with a rebound.
16:57 of 1st period - Snap shot by Braydon Coburn.
16:57 of 1st period - Stopped by Jeff Deslauriers without a rebound.
16:58 of 1st period - Jordan Staal wins face-off versus Evgeni Malkin in Senateurs zone.
17:28 of 1st period - Off-side.
17:29 of 1st period - Johan Franzen wins face-off versus Gilbert Brule in neutral zone.
17:31 of 1st period - Off-side.
17:32 of 1st period - Evgeni Malkin wins face-off versus Gilbert Brule in neutral zone.
18:09 of 1st period - Snap shot by Jordan Staal.
18:09 of 1st period - Shot Blocked by Brenden Morrow.
18:29 of 1st period - Snap shot by Fabian Brunnstrom.
18:29 of 1st period - Stopped by Jeff Deslauriers without a rebound.
18:30 of 1st period - Jordan Staal wins face-off versus Evgeni Malkin in Senateurs zone.
19:08 of 1st period - Wrist shot by Sergei Kostitsyn.
19:08 of 1st period - Deflect By Braydon Coburn.
19:08 of 1st period - Shot Blocked by Braydon Coburn.
19:08 of 1st period - Puck is out of play.
19:09 of 1st period - Cody Hodgson wins face-off versus Jordan Staal in Maple Leafs zone.
19:10 of 1st period - Snap shot by Brenden Morrow.
19:10 of 1st period - Shot Blocked by Tobias Enstrom.
19:20 of 1st period - Backhand shot by Cody Hodgson.
19:20 of 1st period - Stopped by Alex Stalock with a rebound.
19:36 of 1st period - Gilbert Brule is hit by Thomas Vanek.
19:37 of 1st period - Icing by Gilbert Brule.
19:38 of 1st period - Gilbert Brule wins face-off versus Evgeni Malkin in Maple Leafs zone.
Goals for this period are 1 for Maple Leafs vs 2 for Senateurs.
Shots for this period are 8 for Maple Leafs vs 10 for Senateurs.
2nd period
0:01 of 2nd period - Evgeni Malkin wins face-off versus Jordan Staal in neutral zone.
0:12 of 2nd period - Snap shot by Evgeni Malkin.
0:12 of 2nd period - Shot Blocked by Tobias Enstrom.
0:17 of 2nd period - Off-side.
0:18 of 2nd period - Cody Hodgson wins face-off versus Ben Smith in neutral zone.
0:27 of 2nd period - Snap shot by Cody Hodgson.
0:27 of 2nd period - Stopped by Alex Stalock without a rebound.
0:28 of 2nd period - Gilbert Brule wins face-off versus Cody Hodgson in Maple Leafs zone.
0:33 of 2nd period - Slapshot by John Klingberg.
0:33 of 2nd period - Deflect By Johan Franzen.
0:33 of 2nd period - Stopped by Jeff Deslauriers without a rebound.
0:34 of 2nd period - Evgeni Malkin wins face-off versus Artemi Panarin in Senateurs zone.
0:47 of 2nd period - Slapshot by B.J. Crombeen.
0:47 of 2nd period - Deflect By Evgeni Malkin.
0:47 of 2nd period - Shot Blocked by Artemi Panarin.
0:47 of 2nd period - Puck is out of play.
0:48 of 2nd period - Cody Hodgson wins face-off versus Jordan Staal in Maple Leafs zone.
0:54 of 2nd period - Minor Penalty to Jordan Staal for Hooking.
0:55 of 2nd period - Evgeni Malkin wins face-off versus Fabian Brunnstrom in Maple Leafs zone.
1:11 of 2nd period - Wrist shot by B.J. Crombeen.
1:11 of 2nd period - Stopped by Alex Stalock without a rebound.
1:12 of 2nd period - Evgeni Malkin wins face-off versus Fabian Brunnstrom in Maple Leafs zone.
1:50 of 2nd period - Snap shot by Cody Hodgson.
1:50 of 2nd period - Goal by Cody Hodgson - Maple Leafs : 1 - Senateurs : 3.
1:51 of 2nd period - Gilbert Brule wins face-off versus Evgeni Malkin in neutral zone.
1:51 of 2nd period - Gilbert Brule is hit by Evgeni Malkin.
1:57 of 2nd period - Slapshot by Evgeni Malkin.
1:57 of 2nd period - Shot Blocked by John Klingberg.
1:59 of 2nd period - Snap shot by Thomas Vanek.
1:59 of 2nd period - Shot Misses the Net.
2:01 of 2nd period - Slapshot by Kurtis Foster.
2:01 of 2nd period - Shot Misses the Net.
2:03 of 2nd period - Wrist shot by Kurtis Foster.
2:03 of 2nd period - Stopped by Alex Stalock with a rebound.
2:05 of 2nd period - Snap shot by B.J. Crombeen.
2:05 of 2nd period - Shot Misses the Net.
2:07 of 2nd period - Wrist shot by Evgeni Malkin.
2:07 of 2nd period - Shot Misses the Net.
2:22 of 2nd period - Slapshot by Cody Franson.
2:22 of 2nd period - Shot Misses the Net.
2:28 of 2nd period - Slapshot by Claude Giroux.
2:28 of 2nd period - Deflect By Artemi Panarin.
2:28 of 2nd period - Deflect By Cody Hodgson.
2:28 of 2nd period - Stopped by Jeff Deslauriers with a rebound.
2:30 of 2nd period - Snap shot by Artemi Panarin.
2:30 of 2nd period - Stopped by Jeff Deslauriers without a rebound.
2:31 of 2nd period - Evgeni Malkin wins face-off versus Zac Dalpe in Senateurs zone.
3:00 of 2nd period - Off-side.
3:01 of 2nd period - Cody Hodgson wins face-off versus Jordan Staal in neutral zone.
3:08 of 2nd period - Snap shot by Cody Hodgson.
3:08 of 2nd period - Stopped by Alex Stalock without a rebound.
3:09 of 2nd period - Claude Giroux wins face-off versus Evgeni Malkin in Maple Leafs zone.
3:21 of 2nd period - Slapshot by Marc-Édouard Vlasic.
3:21 of 2nd period - Stopped by Jeff Deslauriers with a rebound.
3:37 of 2nd period - Wrist shot by Eric Nystrom.
3:37 of 2nd period - Stopped by Jeff Deslauriers without a rebound.
3:38 of 2nd period - Zac Dalpe wins face-off versus Cody Hodgson in Senateurs zone.
3:39 of 2nd period - Slapshot by Tobias Enstrom.
3:39 of 2nd period - Deflect By Eric Nystrom.
3:39 of 2nd period - Shot Blocked by Brenden Morrow.
3:39 of 2nd period - Puck is out of play.
3:40 of 2nd period - Cody Hodgson wins face-off versus Eric Nystrom in Senateurs zone.
4:02 of 2nd period - Snap shot by Zac Dalpe.
4:02 of 2nd period - Stopped by Jeff Deslauriers without a rebound.
4:03 of 2nd period - Claude Giroux wins face-off versus Evgeni Malkin in Senateurs zone.
4:06 of 2nd period - Backhand shot by Claude Giroux.
4:06 of 2nd period - Shot Misses the Net.
4:28 of 2nd period - Kurtis Foster is hit by Gilbert Brule.
4:59 of 2nd period - Snap shot by Colby Armstrong.
4:59 of 2nd period - Stopped by Jeff Deslauriers without a rebound.
5:00 of 2nd period - Evgeni Malkin wins face-off versus Jordan Staal in Senateurs zone.
5:31 of 2nd period - Icing by Vladimir Mihalik.
5:32 of 2nd period - Cody Hodgson wins face-off versus Gilbert Brule in Senateurs zone.
5:39 of 2nd period - Wrist shot by Alex Killorn.
5:39 of 2nd period - Stopped by Jeff Deslauriers with a rebound.
5:59 of 2nd period - Wrist shot by Gilbert Brule.
5:59 of 2nd period - Deflect By Alex Killorn.
5:59 of 2nd period - Stopped by Jeff Deslauriers with a rebound.
7:52 of 2nd period - Snap shot by Ben Smith.
7:52 of 2nd period - Goal by Ben Smith - Maple Leafs : 2 - Senateurs : 3.
7:53 of 2nd period - Evgeni Malkin wins face-off versus Jordan Staal in neutral zone.
8:20 of 2nd period - Marc-Édouard Vlasic is hit by Milan Hejduk and loses puck.
8:43 of 2nd period - Wrist shot by Brandon Dubinsky.
8:43 of 2nd period - Shot Misses the Net.
8:45 of 2nd period - Wrist shot by Brandon Dubinsky.
8:45 of 2nd period - Stopped by Alex Stalock with a rebound.
8:47 of 2nd period - Slapshot by Kurtis Foster.
8:47 of 2nd period - Shot Blocked by Evgeny Grachev.
8:49 of 2nd period - Slapshot by Dan Hamhuis.
8:49 of 2nd period - Stopped by Alex Stalock with a rebound.
9:18 of 2nd period - Snap shot by Tobias Enstrom.
9:18 of 2nd period - Stopped by Jeff Deslauriers without a rebound.
9:19 of 2nd period - David Krejci wins face-off versus Zac Dalpe in Senateurs zone.
10:54 of 2nd period - Vladimir Mihalik is hit by Tobias Enstrom and loses puck.
11:23 of 2nd period - Artemi Panarin is hit by B.J. Crombeen and loses puck.
11:36 of 2nd period - Slapshot by David Krejci.
11:36 of 2nd period - Stopped by Alex Stalock with a rebound.
11:49 of 2nd period - Icing by Brooks Orpik.
11:50 of 2nd period - Cody Hodgson wins face-off versus Zac Dalpe in Senateurs zone.
12:21 of 2nd period - Evgeni Malkin is hit by Claude Giroux and loses puck.
13:04 of 2nd period - Wrist shot by Fabian Brunnstrom.
13:04 of 2nd period - Stopped by Jeff Deslauriers without a rebound.
13:05 of 2nd period - Jordan Staal wins face-off versus Brandon Dubinsky in Senateurs zone.
13:11 of 2nd period - Off-side.
13:12 of 2nd period - Jordan Staal wins face-off versus Evgeni Malkin in neutral zone.
13:47 of 2nd period - Slapshot by David Krejci.
13:47 of 2nd period - Shot Misses the Net.
13:49 of 2nd period - Slapshot by Brooks Orpik.
13:49 of 2nd period - Stopped by Alex Stalock with a rebound.
13:51 of 2nd period - Snap shot by Milan Hejduk.
13:51 of 2nd period - Stopped by Alex Stalock with a rebound.
13:53 of 2nd period - Slapshot by Milan Hejduk.
13:53 of 2nd period - Shot Misses the Net.
13:55 of 2nd period - Snap shot by Milan Hejduk.
13:55 of 2nd period - Stopped by Alex Stalock with a rebound.
14:29 of 2nd period - Wrist shot by Cody Hodgson.
14:29 of 2nd period - Deflect By Ramzi Abid.
14:29 of 2nd period - Shot Misses the Net.
14:29 of 2nd period - Puck is out of play.
14:30 of 2nd period - Zac Dalpe wins face-off versus Brandon Dubinsky in Maple Leafs zone.
15:36 of 2nd period - Marc-Édouard Vlasic is hit by Johan Franzen and loses puck.
16:20 of 2nd period - Wrist shot by Johan Franzen.
16:20 of 2nd period - Stopped by Alex Stalock with a rebound.
16:22 of 2nd period - Wrist shot by Brenden Morrow.
16:22 of 2nd period - Deflect By Johan Franzen.
16:22 of 2nd period - Shot Blocked by Taylor Chorney.
16:22 of 2nd period - Puck is out of play.
16:23 of 2nd period - Jordan Staal wins face-off versus Evgeni Malkin in Maple Leafs zone.
16:46 of 2nd period - Minor Penalty to Evgeni Malkin for Hooking.
16:47 of 2nd period - Brandon Dubinsky wins face-off versus Jordan Staal in Senateurs zone.
17:12 of 2nd period - Dan Hamhuis is hit by Gilbert Brule and loses puck.
18:46 of 2nd period - Penalty to Evgeni Malkin is over, Evgeni Malkin is back on ice.
19:45 of 2nd period - B.J. Crombeen is hit by Claude Giroux.
Goals for this period are 1 for Maple Leafs vs 1 for Senateurs.
Shots for this period are 12 for Maple Leafs vs 12 for Senateurs.
3rd period
0:01 of 3rd period - Evgeni Malkin wins face-off versus Jordan Staal in neutral zone.
0:22 of 3rd period - Minor Penalty to Thomas Vanek for Tripping.
0:23 of 3rd period - Evgeni Malkin wins face-off versus Jordan Staal in Senateurs zone.
0:33 of 3rd period - Off-side.
0:34 of 3rd period - Jordan Staal wins face-off versus Evgeni Malkin in neutral zone.
2:22 of 3rd period - Penalty to Thomas Vanek is over, Thomas Vanek is back on ice.
2:27 of 3rd period - Ramzi Abid is hit by Fabian Brunnstrom.
3:12 of 3rd period - Slapshot by Tobias Enstrom.
3:12 of 3rd period - Shot Misses the Net.
3:14 of 3rd period - Snap shot by Ben Smith.
3:14 of 3rd period - Stopped by Jeff Deslauriers with a rebound.
4:03 of 3rd period - Ben Smith is hit by Vladimir Mihalik and loses puck.
4:43 of 3rd period - Brandon Dubinsky is hit by Fabian Brunnstrom and loses puck.
5:28 of 3rd period - Minor Penalty to Eric Nystrom for Slashing.
5:29 of 3rd period - Jordan Staal wins face-off versus Evgeni Malkin in Maple Leafs zone.
7:28 of 3rd period - Penalty to Eric Nystrom is over, Eric Nystrom is back on ice.
7:45 of 3rd period - Eric Nystrom is hit by Cody Franson and loses puck.
8:13 of 3rd period - Snap shot by Alex Killorn.
8:13 of 3rd period - Stopped by Jeff Deslauriers with a rebound.
8:43 of 3rd period - Thomas Vanek is hit by John Klingberg and loses puck.
9:29 of 3rd period - Brenden Morrow is hit by Artemi Panarin and loses puck.
9:51 of 3rd period - Pascal Dupuis is hit by Tobias Enstrom and loses puck.
10:16 of 3rd period - Brooks Orpik is hit by Jordan Staal and loses puck.
11:29 of 3rd period - Colby Armstrong is hit by Johan Franzen and loses puck.
11:44 of 3rd period - Jordan Staal is hit by B.J. Crombeen and loses puck.
11:51 of 3rd period - Brooks Orpik is hit by Braydon Coburn and loses puck.
12:13 of 3rd period - Pascal Dupuis is hit by Braydon Coburn and loses puck.
12:30 of 3rd period - Johan Franzen is hit by Fabian Brunnstrom and loses puck.
12:46 of 3rd period - Carlo Colaiacovo is hit by Evgeny Grachev and loses puck.
12:52 of 3rd period - Off-side.
12:53 of 3rd period - Jordan Staal wins face-off versus Evgeni Malkin in neutral zone.
13:08 of 3rd period - Wrist shot by Artemi Panarin.
13:08 of 3rd period - Stopped by Jeff Deslauriers without a rebound.
13:09 of 3rd period - Cody Hodgson wins face-off versus Gilbert Brule in Senateurs zone.
13:09 of 3rd period - Cody Hodgson is hit by Alex Killorn.
13:33 of 3rd period - Dan Hamhuis is hit by Ben Smith and loses puck.
14:00 of 3rd period - Snap shot by Johan Franzen.
14:00 of 3rd period - Stopped by Alex Stalock without a rebound.
14:01 of 3rd period - Evgeni Malkin wins face-off versus Jordan Staal in Maple Leafs zone.
14:06 of 3rd period - Snap shot by Thomas Vanek.
14:06 of 3rd period - Stopped by Alex Stalock with a rebound.
14:18 of 3rd period - Snap shot by Artemi Panarin.
14:18 of 3rd period - Stopped by Jeff Deslauriers without a rebound.
14:19 of 3rd period - Eric Nystrom wins face-off versus David Krejci in Senateurs zone.
14:26 of 3rd period - Snap shot by Zac Dalpe.
14:26 of 3rd period - Shot Blocked by Carlo Colaiacovo.
14:28 of 3rd period - Snap shot by Colby Armstrong.
14:28 of 3rd period - Stopped by Jeff Deslauriers with a rebound.
14:30 of 3rd period - Slapshot by Braydon Coburn.
14:30 of 3rd period - Deflect By Colby Armstrong.
14:30 of 3rd period - Stopped by Jeff Deslauriers without a rebound.
14:31 of 3rd period - Jordan Staal wins face-off versus Evgeni Malkin in Senateurs zone.
15:31 of 3rd period - Snap shot by Gilbert Brule.
15:31 of 3rd period - Shot Misses the Net.
16:09 of 3rd period - Slapshot by Cody Franson.
16:09 of 3rd period - Stopped by Alex Stalock without a rebound.
16:10 of 3rd period - David Krejci wins face-off versus Zac Dalpe in Maple Leafs zone.
16:13 of 3rd period - Snap shot by Sergei Kostitsyn.
16:13 of 3rd period - Stopped by Alex Stalock without a rebound.
16:14 of 3rd period - Zac Dalpe wins face-off versus David Krejci in Maple Leafs zone.
16:41 of 3rd period - Snap shot by Kurtis Foster.
16:41 of 3rd period - Stopped by Alex Stalock with a rebound.
16:43 of 3rd period - Slapshot by Brenden Morrow.
16:43 of 3rd period - Stopped by Alex Stalock without a rebound.
16:44 of 3rd period - Jordan Staal wins face-off versus Cody Hodgson in Maple Leafs zone.
16:49 of 3rd period - Wrist shot by Artemi Panarin.
16:49 of 3rd period - Shot Misses the Net.
16:58 of 3rd period - Snap shot by Claude Giroux.
16:58 of 3rd period - Stopped by Jeff Deslauriers with a rebound.
17:11 of 3rd period - Minor Penalty to Milan Hejduk for Holding.
17:12 of 3rd period - Jordan Staal wins face-off versus Evgeni Malkin in Senateurs zone.
17:12 of 3rd period - Wrist shot by Claude Giroux.
17:12 of 3rd period - Shot Misses the Net.
17:14 of 3rd period - Snap shot by Claude Giroux.
17:14 of 3rd period - Shot Misses the Net.
17:47 of 3rd period - Snap shot by Fabian Brunnstrom.
17:47 of 3rd period - Stopped by Jeff Deslauriers without a rebound.
17:48 of 3rd period - Brenden Morrow wins face-off versus Gilbert Brule in Senateurs zone.
18:21 of 3rd period - Claude Giroux is hit by B.J. Crombeen and loses puck.
19:00 of 3rd period - Gilbert Brule is hit by Kurtis Foster and loses puck.
19:11 of 3rd period - Penalty to Milan Hejduk is over, Milan Hejduk is back on ice.
19:27 of 3rd period - Wrist shot by Sergei Kostitsyn.
19:27 of 3rd period - Shot Misses the Net.
19:29 of 3rd period - Slapshot by Kurtis Foster.
19:29 of 3rd period - Shot Misses the Net.
19:31 of 3rd period - Snap shot by Sergei Kostitsyn.
19:31 of 3rd period - Stopped by Alex Stalock with a rebound.
19:33 of 3rd period - Wrist shot by B.J. Crombeen.
19:33 of 3rd period - Shot Misses the Net.
19:35 of 3rd period - Wrist shot by Dan Hamhuis.
19:35 of 3rd period - Shot Misses the Net.
19:37 of 3rd period - Wrist shot by B.J. Crombeen.
19:37 of 3rd period - Shot Misses the Net.
19:39 of 3rd period - Snap shot by Kurtis Foster.
19:39 of 3rd period - Stopped by Alex Stalock with a rebound.
19:41 of 3rd period - Slapshot by Sergei Kostitsyn.
19:41 of 3rd period - Shot Misses the Net.
19:58 of 3rd period - Tobias Enstrom is hit by Ramzi Abid and loses puck.
Goals for this period are 0 for Maple Leafs vs 0 for Senateurs.
Shots for this period are 8 for Maple Leafs vs 8 for Senateurs.
Back to the Top